 Dungeon Crawl Stone Soup version 0.29.1-13-g9f3cf754e1 (webtiles) character file.

Game seed: 7423677794157688363

8 Chiseanne the Shield-Bearer (level 2, 6/20 HPs)
             Began as a Demonspawn Wanderer on Feb 6, 2023.
             Quit the game on level 1 of the Dungeon.
             The game lasted 00:00:38 (412 turns).

Chiseanne the Shield-Bearer (Demonspawn Wanderer)    Turns: 412, Time: 00:00:38

Health: 6/20       AC:  6    Str: 12    XL:     2   Next: 0%
Magic:  2/2        EV:  8    Int: 10    God:
Gold:   55         SH:  5    Dex: 15    Spells: 1/1 levels left

rFire   . . .      SeeInvis .   a - +2 short sword
rCold   . . .      Faith    .   c - +0 buckler
rNeg    . . .      Spirit   .   i - +0 scale mail
rPois   .          Reflect  .   (helmet restricted)
rElec   .          Harm     .   (no cloak)
rCorr   .          Rampage  .   (no gloves)
Will    .....                   (no boots)
Stlth   ..........              (no amulet)
HPRegen 0.06/turn               (no ring)
MPRegen 0.08/turn               (no ring)

@: no status effects
A: antennae 1
a: no special abilities


You were on level 1 of the Dungeon.
You visited 1 branch of the dungeon, and saw 1 of its levels.

You collected 55 gold pieces.

Inventory:

Hand Weapons
 a - a +2 short sword (weapon)
 b - a +0 quarterstaff
Armour
 c - a +0 buckler (worn)
 i - a +0 scale mail (worn)
Scrolls
 d - a scroll of teleportation
 e - a scroll of identify {unknown}
 f - a scroll of fog {unknown}
 h - 2 scrolls of fear {unknown}
Potions
 g - a potion of curing {unknown}


   Skills:
 * Level 0.5 Fighting
 - Level 2.6 Short Blades
 - Level 2.6 Staves
 - Level 1.0 Throwing
 * Level 0.5 Armour
 * Level 0.4 Dodging
 * Level 2.8 Shields


You had one spell level left.
You didn't know any spells.
Your spell library was empty.

Dungeon Overview and Level Annotations

Branches:
Dungeon (1/15)

Altars:


Innate Abilities, Weirdness & Mutations

You have a pair of small antennae on your head.


Message History

You kill the hobgoblin!
The bat barely misses you.
The endoplasm hits you but does no damage.
You hit the endoplasm.
The endoplasm is severely wounded.
The bat hits you. You block the endoplasm's attack. The endoplasm hits you.
You are too injured to fight recklessly!
You are too injured to fight recklessly!
You are too injured to fight recklessly!
You are too injured to fight recklessly!
You are too injured to fight recklessly!
You are too injured to fight recklessly!
You are too injured to fight recklessly!
You are too injured to fight recklessly!
You are too injured to fight recklessly!
You are too injured to fight recklessly!
You are too injured to fight recklessly!
You are too injured to fight recklessly!
You are too injured to fight recklessly!
You are too injured to fight recklessly!
You are too injured to fight recklessly!
You are too injured to fight recklessly!
You are too injured to fight recklessly!
You are too injured to fight recklessly!
The endoplasm attacks as you move away! The endoplasm barely misses you.
The bat hits you but does no damage. The bat hits you.
The endoplasm attacks as you move away! You block the endoplasm's attack.
The bat hits you.
* * * LOW HITPOINT WARNING * * *
The bat hits you but does no damage. The bat completely misses you.
You barely miss the bat. The bat barely misses you.
You barely miss the bat. You block the bat's attack.
The bat hits you but does no damage. The bat barely misses you.
You hit the bat.
You kill the bat!
You have reached level 2!
Your demonic ancestry asserts itself...
A pair of antennae grows on your head!
Are you sure you want to abandon this character and quit the game? (Confirm with "yes".)

.†.....# #.
+..>....#
####..... ##
#.......# ...
###.##### .
#####.#####
#.........#
#.###.###.#
#.#.###.#
#.......#
#@#.#####
#J#.#####
#.#J#....$###
#....J......#
###.#..##.#.#
#.#.....#
....##..#
.....# #.#
#.....# ..>


You could see 2 endoplasms.

Vanquished Creatures
  An endoplasm (D:1)
  2 goblins (D:1)
  2 hobgoblins (D:1)
  A bat (D:1)
  A rat (D:1)
7 creatures vanquished.

Notes
Turn   | Place    | Note
-------+----------+-------------------------------------------
     0 | D:1      | Chiseanne the Demonspawn Wanderer began the quest for the
                  | Orb.
     0 | D:1      | Chiseanne set off with the following items: a +2 short
                  | sword, a +0 quarterstaff, a +0 buckler, a scroll of
                  | teleportation, a +0 leather armour.
     0 | D:1      | Reached XP level 1. HP: 13/13 MP: 1/1
   412 | D:1      | Gained mutation: You have a pair of small antennae on your
                  | head. [demonic ancestry]
   412 | D:1      | Reached XP level 2. HP: 6/20 MP: 2/2
   412 | D:1      | Quit the game

Illustrated notes

Levels and vault maps discovered:
D:1:      dpeg_arrival_chambers_temple_mockup, layout_basic

Action                   || total
-------------------------++-------
Melee: Short sword       ||    26
Armor: Scale mail        ||    15
       Leather armour    ||     1
Dodge: Dodged            ||    11
Block: Buckler           ||    12
